AoeStats
← [KMNB] Bandeira

Lombardia

508952234Analyzed
2v2 RM · 8d ago on Sep 24, 2026· 48m 19s· 4 players
Game mode
Random Map
Map size
Medium (4 player)
Population
200
Speed
Normal
Resources
Standard
Victory
Conquest
Starting age
Dark Age
Ending age
Imperial Age
RankedLock teamsTeams togetherTeam positionsShared explorationLock speedFull tech treeHidden civsTurbo modeCheats
Victory
Defeat
🇩🇪 Hindustanis · Germany
1448
+21
🇺🇸 Japanese · United States
1361
+24
🇧🇷 Magyars · Brazil
1572
-23
🇧🇷 Italians · Brazil
1550
-22
LYR92426
8:32 Loom
10:19 Feudal Age
11:25 Double-Bit Axe
11:21 Horse Collar
16:06 Wheelbarrow
16:52 Fletching
17:02 Padded Archer Armor
19:19 Gold Mining
25:49 Castle Age
25:47 Crossbowman
26:36 Thumb Ring
26:38 Bodkin Arrow
27:22 Leather Archer Armor
28:37 Bow Saw
29:21 Husbandry
32:33 Bloodlines
35:23 Ballistics
34:46 Treadmill Crane
38:13 Imperial Age
36:07 Stone Mining
38:57 Bracer
39:25 Parthian Tactics
40:36 Ring Archer Armor
41:31 Gold Shaft Mining
41:14 Hand Cart
41:18 Heavy Plow
42:37 Arbalester
45:03 Chemistry
44:10 Elite Skirmisher
48:34 Two-Man Saw
49:04 Masonry
Bechti420
7:21 Loom
10:09 Feudal Age
10:46 Double-Bit Axe
11:44 Horse Collar
17:06 Forging
20:39 Wheelbarrow
23:52 Castle Age
22:08 Bloodlines
22:04 Gold Mining
23:02 Scale Barding Armor
23:57 Light Cavalry
24:40 Husbandry
25:14 Chain Barding Armor
27:20 Heavy Plow
33:05 Hand Cart
32:35 Town Watch
34:30 Stone Mining
35:18 Gold Shaft Mining
34:57 Bow Saw
36:57 Scale Mail Armor
37:33 Iron Casting
39:33 Imperial Age
38:08 Stone Shaft Mining
37:36 Grand Trunk Road
40:06 Chain Mail Armor
40:12 Elite Ghulam
42:24 Two-Man Saw
42:14 Conscription
42:55 Blast Furnace
41:57 Squires
43:06 Plate Barding Armor
44:14 Hussar
46:24 Heavy Camel Rider
47:03 Fletching
47:13 Padded Archer Armor
47:36 Ballistics
48:16 Chemistry
47:22 Siege Engineers
47:27 Masonry
[KMNB] Bandeira
6:50 Loom
9:15 Feudal Age
9:52 Double-Bit Axe
11:57 Horse Collar
21:33 Castle Age
20:08 Bloodlines
20:42 Scale Barding Armor
23:00 Chain Barding Armor
23:06 Bow Saw
31:26 Wheelbarrow
32:31 Heavy Plow
37:11 Imperial Age
35:06 Husbandry
35:54 Hand Cart
37:18 Cavalier
39:19 Plate Barding Armor
[KMNB] Dedão
6:27 Loom
9:14 Feudal Age
10:02 Double-Bit Axe
14:20 Fletching
17:15 Wheelbarrow
17:42 Horse Collar
18:21 Padded Archer Armor
22:41 Castle Age
21:18 Gold Mining
22:01 Stone Mining
22:42 Crossbowman
23:46 Bow Saw
23:44 Bodkin Arrow
25:27 Ballistics
28:36 Heavy Plow
29:42 Leather Archer Armor
30:06 Stone Shaft Mining
30:51 Town Watch
34:21 Imperial Age
33:03 Thumb Ring
34:41 Hand Cart
35:09 Bracer
36:18 Chemistry
36:55 Two-Man Saw
36:11 Forging
37:06 Conscription
38:06 Ring Archer Armor
38:13 Iron Casting
37:46 Scale Barding Armor
39:24 Elite Genoese Crossbowman
41:43 Blast Furnace
41:30 Caravan
42:27 Bloodlines
42:18 Husbandry
41:38 Light Cavalry
42:45 Chain Barding Armor
44:09 Hussar
Connection lost

Rejoining the realm…

Still unreachable

The connection could not be restored.

Session expired

The server has moved on; the page needs a fresh start.